 Dungeon Crawl Stone Soup version 0.28.0-1-gb440e238dd (webtiles) character file.

Game seed: 2495225934849682922

70 Hasart the Insei (level 4, 0/29 HPs)
             Began as an Octopode Transmuter on Feb 19, 2022.
             Slain by an orc (8 damage)
             ... on level 3 of the Dungeon.
             The game lasted 00:02:57 (3070 turns).

Hasart the Insei (Octopode Transmuter)              Turns: 3070, Time: 00:02:58

Health: 0/29       AC:  1    Str:  9    XL:     4   Next: 22%
Magic:  5/7        EV: 13    Int: 17    God:
Gold:   97         SH:  0    Dex: 12    Spells: 1/7 levels left

rFire   . . .      SeeInvis .     - Unarmed
rCold   . . .      Faith    .   (no shield)
rNeg    . . .      Spirit   .   (helmet restricted)
rPois   +          Reflect  .   (no amulet)
rElec   .          Harm     .   d - ring of poison resistance
rCorr   .          Rampage  .   (no ring)
Will    .....                   (no ring)
Stlth   ++........              (no ring)
HPRegen 0.09/turn               (no ring)
MPRegen 0.10/turn               (no ring)
                                (no ring)
                                (no ring)

@: wereblooded
A: almost no armour, amphibious, 8 rings, camouflage 1, gelatinous body 1,
(nimble swimmer 1), tentacles
a: no special abilities


You were on level 3 of the Dungeon.
You visited 1 branch of the dungeon, and saw 3 of its levels.

You collected 97 gold pieces.

Inventory:

Jewellery
 d - a ring of poison resistance (left tentacle)
 l - an amulet of regeneration
Scrolls
 a - a scroll of identify {unknown}
 c - a scroll of immolation {unknown}
 f - a scroll of fog {unknown}
 h - a scroll of holy word {unknown}
 i - a scroll of brand weapon {unknown}
 m - a scroll of blinking {unknown}
Potions
 b - a potion of curing {unknown}
 e - a potion of resistance {unknown}
 g - a potion of attraction {unknown}
 j - a potion of haste {unknown}
 k - a potion of ambrosia {unknown}
 n - a potion of heal wounds {unknown}


   Skills:
 + Level 1.7 Fighting
 + Level 2.4 Dodging
 * Level 3.6 Unarmed Combat
 + Level 2.3 Spellcasting
 + Level 2.3 Transmutations
 * Level 1.5 Poison Magic


You had one spell level left.
You knew the following spells:

 Your Spells              Type           Power      Damage    Failure   Level
a - Beastly Appendage     Tmut           18%        N/A       7%          1
b - Wereblood             Tmut           9%         N/A       11%         2
c - Spider Form           Tmut/Pois      8%         N/A       26%         3

Your spell library contained the following spells:

 Spells                   Type           Power      Damage    Failure   Level
 Ice Form                 Ice/Tmut       5%         N/A       75%         4
 Leda's Liquefaction      Hex/Erth       0%         N/A       88%         4
 Summon Lightning Spire   Summ/Air       1%         N/A       88%         4
 Statue Form              Tmut/Erth      3%         N/A       100%        6


Dungeon Overview and Level Annotations

Branches:
Dungeon (3/15)

Altars:

Shops:
D:2 *


Innate Abilities, Weirdness & Mutations

You cannot wear most types of armour.
You are amphibious.
You can wear up to eight rings at the same time.
Your skin changes colour to match your surroundings (Stealth+).
Your rubbery body absorbs attacks. (AC +1, EV +1)
((You are camouflaged when in or above water. (Stealth+)))
You have tentacles for arms and can constrict up to eight enemies at once.


Message History

You squeeze the orc, but do no damage. You constrict the orc.
The orc barely misses you.
You tentacle-slap the orc but do no damage.
You squeeze the orc.
The orc is heavily wounded.
You constrict the orc. The orc hits you with a +0 whip.
The orc hits you from afar with a +0 trident!
Casting: Beastly Appendage (safe; 7% risk of failure)
Confirm with . or Enter, or press ? or * to list all spells.
Your blood is infused with primal strength.
You constrict the orc.
You feel a bit better.
You kill the orc!
The orc hits you from afar with a +0 trident.
Things that are here:
a +0 whip; a +0 scale mail; an orc corpse You closely miss the orc.
Your grab misses the orc. The orc hits you with a +0 flail.
The orc closely misses you.
You tentacle-slap the orc. You grab the orc.
The orc is moderately wounded.
You constrict the orc. The orc misses you. The orc barely misses you.
You tentacle-slap the orc.
The orc is heavily wounded.
You constrict the orc. The orc hits you with a +0 flail.
The orc barely misses you.
You tentacle-slap the orc.
You feel a bit better.
You kill the orc!
The orc closely misses you.
You howl as the wereblood boils in your veins!
The orc hits you with a +0 trident!
* * * LOW HITPOINT WARNING * * *
Things that are here:
a +0 flail; a +0 leather armour You tentacle-slap the orc but do no damage.
You grab the orc.
You howl as the wereblood boils in your veins!
You constrict the orc, but do no damage.
You tentacle-slap the orc but do no damage.
You constrict the orc, but do no damage.
The orc hits you with a +0 trident!
You die...

###.# #.......#
#.#..#. #.†.#
######### #.#.##.
#.### #.#.##. #.#
#######......
#.#######
...........###
#.......##.###########
#.#####..... ####
#....##..#.# #...
#.##..)@o..# #.##
#.#####..### #.## #..
...# #.#. ### ###...
#.#. #### #.#. #...
####. ##.##. #.....


You could see an orc.

Vanquished Creatures
  An adder (D:2)
  2 worms (D:2)
  A dart slug (D:1)
  2 orcs (D:3)
  6 endoplasms
  A giant cockroach (D:1)
  4 goblins
  3 hobgoblins (D:3)
  2 quokkas
  9 ball pythons
  4 bats
  7 frilled lizards
  4 kobolds
  5 rats
51 creatures vanquished.

Notes
Turn   | Place    | Note
-------+----------+-------------------------------------------
     0 | D:1      | Hasart the Octopode Transmuter began the quest for the Orb.
     0 | D:1      | Reached XP level 1. HP: 13/13 MP: 3/3
   221 | D:1      | Reached XP level 2. HP: 15/18 MP: 5/5
   546 | D:1      | Found a faded altar of an unknown god.
  1233 | D:2      | Reached XP level 3. HP: 11/23 MP: 6/6
  1236 | D:2      | Learned a level 2 spell: Wereblood
  1240 | D:2      | Learned a level 3 spell: Spider Form
  1434 | D:2      | Found Teleon's General Store.
  1459 | D:2      | Got the Papyrus of Supportive Clay
  1890 | D:2      | Reached skill level 1 in Poison Magic
  2723 | D:2      | Reached XP level 4. HP: 28/28 MP: 7/7
  3070 | D:3      | Slain by an orc

Illustrated notes

Levels and vault maps discovered:
D:1:      minmay_arrival_hallway, layout_basic,
          shapermc_ecumenical_altar_flowoftime
D:2:      layout_loops_corners, serial_shops, shop
D:3:      layout_loops_cross

Skill      XL: |  1  2  3 |
---------------+----------+-----
Poison Magic   | 1 |  1.5
Fighting       | |  1.7
Dodging        | |  2.4
Unarmed Combat | |  3.6
Spellcasting   | |  2.3
Transmutations | |  2.3

Action                   |  1- 3 |  4- 6 || total
-------------------------+-------+-------++-------
Melee: Unarmed           |    97 |    31 ||   128
       Constrict         |    17 |     6 ||    23
       Tentacles         |    17 |     6 ||    23
       Punch             |     3 |     1 ||     4
       Kick              |     3 |       ||     3
 Cast: Beastly Appendage |     1 |       ||     1
       Wereblood         |       |     1 ||     1
 Stab: Sleeping          |     7 |     1 ||     8
Armor: Skin              |     2 |     6 ||     8
Dodge: Dodged            |    57 |    14 ||    71
